 Dungeon Crawl Stone Soup version 0.28.0-43-g3370ac3207 (webtiles) character file.

Game seed: 14374837047011794642

2247 Dirian the Basher (level 9, 0/82 HPs)
             Began as a Minotaur Fighter on Mar 8, 2022.
             Was a Priest of Wu Jian.
             Shot with an arrow by a centaur (13 damage)
             ... on level 6 of the Dungeon.
             The game lasted 00:08:32 (6040 turns).

Dirian the Basher (Minotaur Fighter)                Turns: 6040, Time: 00:08:33

Health: 0/82       AC:  9    Str: 22    XL:     9   Next: 15%
Magic:  8/8        EV:  8    Int: 11    God:    Wu Jian [***...]
Gold:   199        SH:  6    Dex: 13    Spells: 8/8 levels left

rFire   . . .      SeeInvis .   h - +8 whip of True Grit {vorpal, *Noise rPois Int+6}
rCold   . . .      Faith    .   c - +1 buckler
rNeg    . . .      Spirit   .   q - +0 chain mail
rPois   +          Reflect  .   (helmet restricted)
rElec   .          Harm     .   (no cloak)
rCorr   .          Rampage  .   (no gloves)
Will    .....                   (no boots)
Stlth   ..........              (no amulet)
HPRegen 0.23/turn               (no ring)
MPRegen 0.11/turn               (no ring)

@: no status effects
A: horns 2, retaliatory headbutt
a: Renounce Religion, Wall Jump, Serpent's Lash


You were on level 6 of the Dungeon.
You worshipped Wu Jian.
Wu Jian was most pleased with you.
You visited 1 branch of the dungeon, and saw 6 of its levels.
You also visited: Sewer.

You collected 199 gold pieces.

Inventory:

Hand Weapons
 a - a +0 spectral long sword
 h - the +8 whip of True Grit (weapon) {vorpal, *Noise rPois Int+6}
   (You found it on level 3 of the Dungeon)

   It inflicts extra damage upon your enemies.
   Int:       It affects your intelligence (+6).
   rPois:     It protects you from poison.
   *Noise:    It may make noises in combat.
Missiles
 e - 130 stones (quivered)
 f - 22 sling bullets
Armour
 c - a +1 buckler (worn)
 q - a +0 chain mail (worn)
Jewellery
 v - the ring of Nayt {Fly rC+}
   (You found it on level 5 of the Dungeon)

   [ring of flight]

   rC:        It protects you from cold.
   Fly:       It grants you flight.
Wands
 o - a wand of acid (13)
Scrolls
 i - 3 scrolls of immolation {unknown}
 r - a scroll of identify
 s - a scroll of enchant armour
 t - 2 scrolls of teleportation
Potions
 b - 2 potions of haste
 d - 2 potions of might
 g - 3 potions of lignification
 j - 2 potions of brilliance
 k - 2 potions of cancellation
 l - a potion of berserk rage
 m - 4 potions of curing {unknown}
 n - a potion of resistance
 p - a potion of invisibility {unknown}
 u - a potion of mutation {unknown}


   Skills:
 + Level 8.8 Fighting
 - Level 4.4 Long Blades
 * Level 10.3 Maces & Flails
 - Level 5.0 Armour
 - Level 1.0 Dodging
 - Level 5.0 Shields


You had 8 spell levels left.
You didn't know any spells.
Your spell library contained the following spells:

 Spells                   Type           Power      Damage    Failure   Level
 Animate Skeleton         Necr           0%         N/A       98%         1
 Apportation              Tloc           0%         N/A       98%         1
 Summon Small Mammal      Summ           0%         N/A       98%         1
 Call Canine Familiar     Summ           0%         N/A       100%        3
 Frozen Ramparts          Ice            0%         1d2       100%        3
 Summon Guardian Golem    Hex/Summ       0%         N/A       100%        3
 Ice Form                 Ice/Tmut       0%         N/A       100%        4
 Summon Ice Beast         Ice/Summ       0%         N/A       100%        4
 Summon Lightning Spire   Summ/Air       0%         N/A       100%        4
 Storm Form               Tmut/Air       0%         N/A       100%        7
 Maxwell's Capacitive Co  Air            0%         ∞         100%        8


Dungeon Overview and Level Annotations

Branches:
Dungeon (6/15)             Temple (0/1) D:5           Sewer (visited)

Altars:
Wu Jian

Shops:
D:1 *


Innate Abilities, Weirdness & Mutations

You have a pair of horns on your head.
You reflexively headbutt those who attack you in melee.


Message History

Things that are here:
a +4 spear of freezing; a +0 robe You closely miss something.
You miss something. Something hits you.
You closely miss something. You whack something! You headbutt something.
Something hits you but does no damage.
You whack something! The Council accepts your kill.
Reactivating autopickup.
You feel a bit more experienced.
You hit the orc.
Your whip of True Grit belts out, "Dying in battle is most honourable!"
You kill the orc!
The Council accepts your kill.
You hear a shout!
You lunge at the necrophage, in a flurry of attacks.
You whack the necrophage! You headbutt the necrophage!
The necrophage is almost destroyed.
You whack the necrophage!
Your whip of True Grit howls with laughter!
You destroy the necrophage!
The Council accepts your kill. The orc hits you with a +0 hand axe.
Items here: ))) [[ †.
A centaur comes into view.
You spin and attack the orc.
You whack the orc!
You kill the orc!
The Council accepts your kill.
The centaur wields a +0 shortbow.
The centaur shoots an arrow.
The arrow hits you!
You see here a necrophage corpse.
The centaur shoots an arrow.
You block the arrow.
The centaur shoots an arrow.
The arrow hits you.
* * * LOW HITPOINT WARNING * * *
You see here 6 gold pieces.
The centaur shoots an arrow.
The arrow hits you!
* * * LOW HITPOINT WARNING * * *
Found a scimitar.
The centaur shoots an arrow.
The arrow hits you!
You die...

#..# ..##
###.............. ....
..#.............. .##
................. .#
.#..........:.... ##
..#..............
##########................
.<........................
##########...c..@.$.......
.......#)†####### #####..#
##...####)# ...
........##.......#)###
#...
.........).........))#
#...
...................#)##
##..# ..........
....>...#..###..# .
.........
.........#.##...# ..
.........
.<..............####.#


You could see a centaur.

Vanquished Creatures
  Menkaure (D:6)
  Edmund (D:5)
  A black bear (D:4)
  An ogre (D:5)
  4 necrophages
  4 kobold brigands
  3 phantoms
  A water moccasin zombie (D:5)
  5 wights (D:6)
  A bullfrog zombie (D:5)
  A centaur zombie (D:5)
  A bullfrog skeleton (D:5)
  2 orc priests
  A hound (D:6)
  4 iguanas
  5 orc wizards
  A howler monkey skeleton (D:4)
  11 adders
  5 river rats
  4 worms
  9 dart slugs
  17 orcs
  7 ball pythons
  10 endoplasms
  4 giant cockroaches
  5 goblins
  4 hobgoblins
  16 jackals
  9 kobolds
  4 bats
  10 frilled lizards
  8 rats
160 creatures vanquished.

Vanquished Creatures (others)
  20 plants (Sewer)
20 creatures vanquished.

Grand Total: 180 creatures vanquished

Notes
Turn   | Place    | Note
-------+----------+-------------------------------------------
     0 | D:1      | Dirian the Minotaur Fighter began the quest for the Orb.
     0 | D:1      | Reached XP level 1. HP: 19/19 MP: 0/0
    38 | D:1      | Reached XP level 2. HP: 16/27 MP: 1/1
   567 | D:1      | Reached XP level 3. HP: 33/33 MP: 2/2
   600 | D:1      | Reached skill level 1 in Dodging
   821 | D:1      | Found Xuezax's General Store.
  1082 | D:2      | Noticed a necrophage
  1091 | D:2      | Killed a necrophage
  1092 | D:2      | Reached XP level 4. HP: 37/41 MP: 3/3
  1173 | D:2      | Reached XP level 5. HP: 47/47 MP: 4/4
  1607 | D:3      | Identified the +8 whip of True Grit {vorpal, *Noise rPois
                  | Int+6}
  2221 | D:3      | Reached skill level 1 in Maces & Flails
  2375 | D:3      | Found a faded altar of an unknown god.
  2427 | D:3      | Prayed at the altar of an unknown god.
  2427 | D:3      | Became a worshipper of the Wu Jian Council
  2427 | D:3      | Reached * piety under Wu Jian
  2804 | D:4      | Reached skill level 2 in Maces & Flails
  2804 | D:4      | Reached XP level 6. HP: 38/53 MP: 5/5
  2829 | D:4      | Reached skill level 5 in Shields
  3006 | D:4      | Reached skill level 5 in Fighting
  3006 | D:4      | Reached skill level 3 in Maces & Flails
  3006 | D:4      | Reached skill level 5 in Armour
  3316 | D:4      | Reached skill level 4 in Maces & Flails
  3316 | D:4      | Reached XP level 7. HP: 49/62 MP: 6/6
  3775 | D:5      | Entered Level 5 of the Dungeon
  3805 | D:5      | Noticed Edmund
  3834 | D:5      | Reached skill level 5 in Maces & Flails
  3855 | D:5      | Reached ** piety under Wu Jian
  3881 | D:5      | Found a glowing drain.
  3886 | Sewer    | Entered a sewer
  3936 | Sewer    | Reached skill level 6 in Maces & Flails
  4441 | Sewer    | Reached skill level 7 in Maces & Flails
  4441 | Sewer    | Reached XP level 8. HP: 53/71 MP: 7/7
  4986 | D:5      | Identified the +3 hand axe of Kismet {freeze, +Blink SInv
                  | Stlth+}
  5062 | D:5      | Identified the ring of Nayt {Fly rC+}
  5141 | D:5      | Found a staircase to the Ecumenical Temple.
  5302 | D:5      | Reached skill level 8 in Maces & Flails
  5338 | D:5      | Killed Edmund
  5710 | D:5      | Identified the +0 leather armour of the Evening {Will-
                  | Int-3 Dex+8}
  5745 | D:6      | Reached skill level 9 in Maces & Flails
  5987 | D:6      | Noticed Menkaure
  5993 | D:6      | Killed Menkaure
  5993 | D:6      | Reached *** piety under Wu Jian
  6005 | D:6      | Reached XP level 9. HP: 78/82 MP: 8/8
  6018 | D:6      | Reached skill level 10 in Maces & Flails
  6040 | D:6      | Shot with an arrow by a centaur

Illustrated notes

Levels and vault maps discovered:
D:1:      amcnicky_arrival_feature_with_door, layout_basic, serial_shops,
          nicolae_shop_window_shopping
D:2:      layout_loops_cross
D:3:      layout_basic, basic_ecumenical_altar, kennysheep_minor_cross,
          grunt_ministairs_13
D:4:      kennysheep_slugbush, layout_basic, serial_bayou_pond_a
D:5:      layout_basic, minmay_temple_entry_purple_smoke,
          lightli_sewer_entry_pipes, uniq_edmund
D:6:      layout_rooms, uniq_menkaure

Skill      XL: |  1  2  3  4  5  6  7  8  9 |
---------------+----------------------------+-----
Long Blades    | 3 4 |  4.4
Dodging        | 1 |  1.0
Fighting       | 4 5 6 8 |  8.8
Armour         | 4 5 |  5.0
Shields        | 4 5 |  5.0
Maces & Flails | 2 4 7 9 10 | 10.3

Action                   |  1- 3 |  4- 6 |  7- 9 || total
-------------------------+-------+-------+-------++-------
Melee: Long sword        |    88 |    47 |       ||   135
       Headbutt          |     9 |    15 |    41 ||    65
       Whip              |       |    82 |   222 ||   304
Invok: Lunge             |       |     8 |    21 ||    29
       Whirlwind         |       |       |     2 ||     2
  Use: Scroll            |     2 |     5 |     5 ||    12
Armor: Scale mail        |    41 |    45 |       ||    86
       Chain mail        |       |       |    48 ||    48
Dodge: Dodged            |    41 |    51 |    37 ||   129
Block: Buckler           |    26 |    37 |    28 ||    91
